Map: Jagannatha LE

Players

HellraiseR

  • Race: Protoss Protoss
  • League: Grandmaster

Lambo - Winner!

  • Race: Zerg Zerg
  • League: Grandmaster

Event: DreamHack SC2 Masters 2021 Summer

VOD

Have the link to the VOD?

Description

Time

  • Played on: May 23, 2021, 12:34 p.m.
  • Length: 8:57

All games in this series

Show
View Real Time Build Order
Export as new Build Order

HellraiseR Protoss 

Build Orders: Carriers 

Get SALT Encoding   

  12  0:00  Probe  
  13  0:12  Probe  
  14  0:20  Pylon  
  14  0:24  Probe  
  15  0:38  Probe (Chrono Boost), Gateway  
  16  0:46  Probe (Chrono Boost)  
  16  0:47  Assimilator  
  17  0:52  Probe  
  18  1:02  Forge  
  18  1:21  Probe  
  19  1:32  Cybernetics Core  
  19  1:41  Photon Cannon  
  19  1:49  Nexus  
  19  1:54  Probe  
  20  2:04  Assimilator  
  20  2:06  Probe  
  20  2:07  Adept (Chrono Boost)  
  23  2:17  Pylon  
  23  2:32  Adept (Chrono Boost)  
  23  2:35  Probe  
  26  2:43  Stargate  
  26  2:47  Probe  
  27  2:55  Adept  
  29  3:01  Probe (Chrono Boost)  
  29  3:04  Probe (Chrono Boost)  
  31  3:09  Assimilator  
  31  3:12  Probe (Chrono Boost)  
  33  3:14  Probe (Chrono Boost)  
  33  3:18  Probe  
  34  3:20  Void Ray (Chrono Boost)  
  34  3:23  Probe  
  35  3:32  Probe  
  40  3:35  Probe  
  41  3:43  Pylon  
  41  3:44  Probe  
  41  3:47  Probe  
  43  3:50  Assimilator  
  43  3:56  Probe  
  43  4:00  Probe  
  48  4:06  Fleet Beacon  
  45  4:12  Probe x2 (Chrono Boost)  
  45  4:16  Stargate  
  44  4:24  Pylon, Probe (Chrono Boost)  
  44  4:28  Probe (Chrono Boost)  
  45  4:32  Probe (Chrono Boost)  
  45  4:33  Probe (Chrono Boost)  
  47  4:38  Probe  
  47  4:42  Probe  
  49  4:51  Probe  
  56  4:53  Protoss Air Weapons Level 1  
  56  5:03  Carrier (Chrono Boost)  
  56  5:06  Carrier (Chrono Boost)  
  56  5:07  Pylon  
  62  5:18  Pylon  
  62  5:24  Nexus  
  62  5:31  Probe  
  62  5:39  Probe  
  62  5:42  Shield Battery  
  63  5:43  Probe  
  70  6:00  Carrier (Chrono Boost)  
  70  6:01  Probe x2  
  70  6:02  Carrier (Chrono Boost)  
  78  6:11  Photon Cannon  
  78  6:15  Pylon  
  78  6:22  Shield Battery  
  78  6:23  Probe, Shield Battery  
  75  6:28  Pylon  
  75  6:30  Probe  
  75  6:32  Pylon  
  73  6:33  Pylon  
  73  6:35  Probe  
  74  6:41  Pylon  
  74  6:43  Pylon x2  
  72  6:49  Carrier (Chrono Boost)  
  76  6:56  Carrier (Chrono Boost)  
  78  7:02  Shield Battery  
  78  7:04  Gateway  
  78  7:07  Probe  
  78  7:08  Probe  
  62  7:19  Probe  
  62  7:20  Probe  
  60  7:31  Probe  
  62  7:43  Void Ray (Chrono Boost)  
  61  7:51  Void Ray (Chrono Boost)  
Show
View Real Time Build Order
Export as new Build Order

Lambo Zerg - Winner!

Build Orders: Pool First 

Get SALT Encoding   

  12  0:00  Drone  
  13  0:12  Overlord  
  13  0:17  Drone  
  14  0:30  Drone x2  
  14  0:34  Drone  
  17  0:43  Spawning Pool  
  17  0:47  Drone  
  17  1:07  Hatchery  
  16  1:11  Drone  
  16  1:13  Extractor  
  16  1:29  Zergling x6  
  16  1:31  Queen  
  21  1:40  Overlord  
  21  1:52  Drone  
  22  2:05  Drone  
  23  2:09  Queen  
  23  2:13  Drone  
  26  2:21  Drone  
  27  2:24  Drone  
  27  2:28  Metabolic Boost  
  28  2:33  Drone  
  29  2:38  Hatchery  
  29  2:40  Drone  
  29  2:42  Drone  
  30  2:48  Drone  
  30  2:50  Overlord  
  31  2:55  Drone  
  32  3:00  Queen  
  32  3:03  Drone  
  35  3:07  Drone  
  35  3:09  Zergling x2  
  37  3:13  Zergling x2  
  37  3:15  Drone x2  
  40  3:22  Drone x3  
  40  3:24  Drone  
  44  3:38  Overlord  
  44  3:40  Overlord  
  44  3:49  Queen x2  
  44  3:52  Drone x2  
  44  3:55  Overlord  
  50  3:56  Queen  
  50  3:59  Drone x4  
  50  4:01  Drone  
  50  4:02  Drone  
  58  4:06  Drone  
  58  4:12  Overlord  
  58  4:14  Drone x4  
  61  4:22  Overlord, Drone  
  62  4:24  Drone  
  62  4:26  Queen  
  62  4:30  Spore Crawler  
  64  4:33  Drone x2  
  64  4:36  Drone x4  
  70  4:41  Extractor  
  70  4:42  Roach Warren, Extractor  
  70  4:43  Drone  
  68  4:47  Drone x2  
  68  4:51  Queen  
  72  4:54  Extractor, Lair  
  72  4:55  Extractor, Drone  
  72  4:59  Drone x2  
  73  5:00  Drone x2  
  73  5:01  Overlord  
  73  5:06  Drone x3  
  78  5:07  Overlord  
  78  5:09  Drone  
  79  5:14  Drone  
  79  5:15  Drone  
  79  5:19  Overlord  
  81  5:23  Queen  
  81  5:24  Overlord  
  81  5:27  Overlord  
  83  5:32  Queen  
  83  5:34  Roach x5  
  94  5:38  Overlord  
  94  5:41  Roach x2  
  98  5:44  Roach x2  
  98  5:49  Roach x3  
  108  5:50  Overlord  
  108  5:55  Zergling x6  
  108  5:56  Overlord  
  111  5:58  Ravager x4  
  111  6:02  Queen  
  117  6:05  Zergling x2  
  117  6:06  Zergling x6  
  117  6:09  Ravager x2, Overlord  
  123  6:13  Zergling x8  
  123  6:16  Ravager  
  123  6:17  Overlord  
  123  6:18  Overlord  
  128  6:23  Zergling x8  
  128  6:24  Ravager  
  133  6:28  Overseer  
  133  6:29  Overlord  
  133  6:32  Queen x2  
  136  6:37  Extractor  
  135  6:43  Drone x8  
  135  6:46  Drone x4  
  145  6:53  Drone x2  
  140  7:00  Drone x2  
  140  7:01  Spire  
  135  7:06  Drone x4  
  129  7:09  Queen x2  
  129  7:15  Zergling x12  
  128  7:24  Zergling x2  
  128  7:28  Hatchery, Queen  
  128  7:30  Spore Crawler  
  128  7:31  Zergling x4  
  128  7:32  Spore Crawler  
  123  7:39  Zergling x6  
  122  7:45  Queen  
  122  7:51  Evolution Chamber  
  121  7:52  Zergling x10  
  125  8:12  Corruptor x10, Extractor  
  119  8:13  Extractor  
  119  8:18  Corruptor x2  
  133  8:22  Corruptor  
  133  8:25  Corruptor  
Tags
 
Add a new tag
Caveats
  • Supply blocks, unpowered buildings, or Contaminate may cause inaccurate times.
  • Supply counts are checked every 10 seconds.